 Dungeon Crawl Stone Soup version 0.26.1-2-gb8aa6d0cf2 (webtiles) character file.

Game seed: 15361708948874000325

3917 McIrco the Blocker (level 10, -1/68 HPs)
             Began as an Octopode Conjurer on Mar 30, 2021.
             Was a Follower of Ashenzari.
             Killed from afar by Maggie (16 damage)
             ... with a bolt of fire
             ... on level 8 of the Dungeon.
             The game lasted 00:59:02 (13994 turns).

McIrco the Blocker (Octopode Conjurer)             Turns: 13994, Time: 00:59:02

Health: -1/68      AC:  5    Str: 10    XL:     10   Next: 20%
Magic:  5/17       EV: 10    Int: 24    God:    Ashenzari [*.....]
Gold:   79         SH: 16    Dex: 10    Spells: 12/19 levels left

rFire    x . .     SeeInvis .   b - staff of poison (curse)
rCold    + + .     Faith    .   J - +0 tower shield {rPois} (curse)
rNeg     + . .     Spirit   .   (helmet restricted)
rPois    +         Reflect  .   (no amulet)
rElec    .         Harm     .   j - ring of protection from cold (curse)
rCorr    .         Rampage  .   p - ring of wizardry (curse)
Will     +....                  r - ring of positive energy
Stlth    +++.......             z - ring of Foec {Ice Will+ Str+3} (curse)
HPRegen  0.21/turn              C - ring of wizardry
MPRegen  0.15/turn              G - +4 ring of protection (curse)
                                (no ring)
                                (no ring)

@: slowed, studying Shields, very slow
A: almost no armour, stealthy swim, amphibious, 8 rings, constrict 8, camouflage
1, gelatinous body 1
a: Renounce Religion, Curse Item, Scrying


You were on level 8 of the Dungeon.
You worshipped Ashenzari.
Ashenzari was aware of your devotion.
You visited 2 branches of the dungeon, and saw 9 of its levels.

You collected 514 gold pieces.
You spent 435 gold pieces at shops.

Inventory:

Hand Weapons
 a - a +3 rapier of venom
 x - a +1 short sword of electrocution
 A - a +1 dagger of draining
 L - a +1 dagger of venom
Missiles
 v - a poisoned dart
Armour
 J - a cursed +0 tower shield of poison resistance (worn)
Magical Staves
 b - a cursed staff of poison (weapon)
Jewellery
 j - a cursed ring of protection from cold (left tentacle)
 p - a cursed ring of wizardry (right tentacle)
 r - a ring of positive energy (on tentacle)
 z - the cursed ring of Foec (on tentacle) {Ice Will+ Str+3}
   (You found it on level 5 of the Dungeon)

   [ring of ice]

   It enhances your ice magic.
   It affects your strength (+3).
   It makes you vulnerable to fire.
   It protects you from cold.
   It affects your willpower, your defense against some magical effects.
   It has a curse placed upon it.
 C - a ring of wizardry (on tentacle)
 G - a cursed +4 ring of protection (on tentacle)
Wands
 B - a wand of paralysis (4)
 F - a wand of enslavement (4)
 I - a wand of iceblast (10)
Scrolls
 e - 3 scrolls of identify
 h - 4 scrolls of teleportation
 k - 2 scrolls of acquirement {unknown}
 n - 2 scrolls of magic mapping {unknown}
 s - a scroll of fear {unknown}
 t - 3 scrolls of enchant weapon
 y - a scroll of enchant armour {unknown}
 D - a scroll of fog {unknown}
 K - 2 scrolls of remove curse
Potions
 c - a potion of mutation {unknown}
 d - a potion of brilliance {unknown}
 f - 3 potions of lignification
 g - 4 potions of curing
 i - a potion of heal wounds
 l - a potion of degeneration {unknown}
 m - a potion of haste {unknown}
 o - 2 potions of ambrosia
 q - 2 potions of flight {unknown}
 u - 2 potions of attraction
 w - a potion of might {unknown}
 E - 2 potions of cancellation
Books
 H - a manual of Shields


   Skills:
 + Level 6.0 Fighting
 - Level 2.0 Dodging
 - Level 4.0 Stealth
 + Level 12.5 Shields
 - Level 5.0 Spellcasting
 - Level 6.0 Conjurations
 - Level 6.0 Hexes


You had 12 spell levels left.
You knew the following spells:

 Your Spells              Type           Power        Failure   Level
a - Magic Dart            Conj           100%         1%          1
b - Searing Ray           Conj           68%          1%          2
c - Fulminant Prism       Conj/Hex       17%          11%         4

Your spell library contained the following spells:

 Spells                   Type           Power        Failure   Level
 Dazzling Flash           Conj/Hex       68%          3%          3
 Iskenderun's Mystic Bla  Conj/Tloc      20%          30%         4


Dungeon Overview and Level Annotations

Branches:
Dungeon (8/15)             Temple (1/1) D:7            Lair (0/6) D:8

Altars:
Ashenzari
Dithmenos
Elyvilon
Gozag
Hepliaklqana
Makhleb
Nemelex Xobeh
Okawaru
Qazlal
Ru
Sif Muna
Trog
Uskayaw
Vehumet
Wu Jian
Xom
Yredelemnul
Zin
The Shining One
Beogh

Shops:
D:6 *:

Annotations:
D:8 1 transporter, Gastronok, Maggie


Innate Abilities, Weirdness & Mutations

You cannot wear most types of armour.
You are very stealthy in the water. (Stealth+)
You are amphibious.
You can wear up to eight rings at the same time.
You can use your tentacles to constrict eight enemies at once.
Your skin changes colour to match your surroundings (Stealth+).
Your rubbery body absorbs attacks. (AC +1, EV +1)


Message History

Aiming: Fulminant Prism (dangerous; 11% risk of failure)
Press: ? - help, Dir - move target You conjure a prism of explosive energy!
A fulminant prism comes into view.
Your fulminant prism crackles loudly.
Maggie casts a spell at you. The bolt of fire hits you!!!
The fire burns you terribly!
Ouch! That really hurt!
Your fulminant prism explodes!
The blast of energy engulfs Gastronok!
Gastronok is heavily wounded.
Gastronok waves his eye-stalks in wide circles.
The air twists around and strikes you!!
* * * LOW HITPOINT WARNING * * *
You hear a shout! x2
Unknown command.
You feel much better. Maggie gestures at you while chanting.
The bolt of fire hits you! The fire burns you terribly!
You die...

...###....####......w##
w.. .....#...##
#....*....#>....
####.....# #...###....#
####.....# ##.w##
##.### ....###...##...#
#.# ..### #.#......##
#..## ..# ##......#
#...# ..#
#.###..##...... ####
#.. ##.@.#.....# ...©
## #@##......# .## ...#
...#. .)#. ###.. .##
[... #.. # #.8o #.#
o..o .## #.8o . [..o


You could see Gastronok and Maggie.

Vanquished Creatures
  Pikel (D:5)
  Joseph (D:7)
  A komodo dragon (D:8)
  Grinder (D:3)
  Duvessa (D:7)
  2 water moccasins (D:6)
  2 sky beasts (D:7)
  An ice beast (D:7)
  2 orc warriors (D:7)
  A black bear (D:7)
  2 phantoms
  3 lemures
  3 centaurs
  2 big kobolds
  3 bullfrogs
  Dowan (D:7)
  A scorpion (D:7)
  5 wights (D:7)
  A centaur zombie (D:6)
  3 orc priests
  3 hounds
  5 orc wizards
  Ijyb (D:5)
  A centaur skeleton (D:6)
  An iguana (D:5)
  5 worker ants
  A killer bee zombie (D:7)
  A hound skeleton (D:7)
  A worker ant zombie (D:7)
  10 adders
  A shadow imp (D:5)
  A white imp (D:7)
  An ufetubus (D:5)
  An ooze (D:2)
  An adder zombie (D:7)
  3 adder skeletons
  A worm (D:2)
  A dart slug (D:3)
  7 leopard geckos
  11 orcs
  3 giant cockroaches
  6 goblins
  6 hobgoblins
  10 jackals
  4 quokkas
  3 bats
  8 frilled lizards
  A jackal skeleton (D:6)
  12 kobolds
  6 rats
153 creatures vanquished.

Vanquished Creatures (others)
  73 fulminant prisms
  A fungus (D:7)
  30 plants
104 creatures vanquished.

Grand Total: 257 creatures vanquished

Notes
Turn   | Place    | Note
-------+----------+-------------------------------------------
     0 | D:1      | McIrco the Octopode Conjurer began the quest for the Orb.
     0 | D:1      | Reached XP level 1. HP: 11/11 MP: 3/3
   146 | D:1      | Reached skill level 1 in Fighting
   181 | D:1      | Reached XP level 2. HP: 18/18 MP: 0/5
   391 | D:1      | Learned a level 2 spell: Searing Ray
   843 | D:1      | Reached XP level 3. HP: 25/25 MP: 2/6
  1589 | D:2      | Found a bloodstained altar of Trog.
  1744 | D:2      | Reached XP level 4. HP: 31/31 MP: 3/7
  2514 | D:3      | Noticed Grinder
  2516 | D:3      | Reached skill level 5 in Conjurations
  2626 | D:4      | Reached XP level 5. HP: 36/36 MP: 2/8
  2972 | D:3      | Killed Grinder
  2973 | D:3      | Reached skill level 5 in Fighting
  2973 | D:3      | Reached XP level 6. HP: 45/45 MP: 0/10
  3067 | D:3      | Found a shimmering altar of Xom.
  3580 | D:4      | Found a radiant altar of Vehumet.
  3603 | D:4      | Learned a level 4 spell: Fulminant Prism
  3631 | D:4      | Reached skill level 1 in Hexes
  3879 | D:4      | Reached XP level 7. HP: 50/50 MP: 6/11
  4283 | D:5      | Entered Level 5 of the Dungeon
  4287 | D:5      | Noticed Pikel
  4836 | D:5      | Got a serpentine golden ring
  4843 | D:5      | Identified the ring of Foec {Ice Will+ Str+3} (You found it
                  | on level 5 of the Dungeon)
  6074 | D:5      | Noticed Ijyb
  6080 | D:5      | Killed Ijyb
  6663 | D:6      | Reached skill level 5 in Hexes
  6890 | D:6      | Reached XP level 8. HP: 55/55 MP: 7/13
  7263 | D:6      | Found Wittydd's Serpentskin Sales.
  7273 | D:6      | Reached skill level 5 in Spellcasting
  7512 | D:6      | Found Sejim's Book Emporium.
  7958 | D:6      | Found an opulent altar of Gozag.
  8676 | D:7      | Noticed Duvessa
  9075 | D:7      | Noticed Dowan
  9273 | D:7      | Reached skill level 1 in Shields
  9273 | D:7      | Reached XP level 9. HP: 52/62 MP: 3/16
  9483 | D:7      | Reached skill level 3 in Shields
  9514 | D:7      | Reached skill level 4 in Shields
  9688 | D:7      | Found a staircase to the Ecumenical Temple.
  9697 | Temple   | Entered the Ecumenical Temple
 10072 | Temple   | Became a worshipper of Ashenzari the Shackled
 10206 | D:7      | Reached skill level 5 in Shields
 10317 | D:6      | Bought a +0 tower shield of poison resistance for 110 gold
                  | pieces
 10322 | D:6      | Bought an uncursed staff of poison for 325 gold pieces
 10380 | D:7      | Reached skill level 6 in Shields
 10905 | D:7      | Found a sacrificial altar of Ru.
 11027 | D:7      | Reached skill level 7 in Shields
 11204 | D:7      | Killed Duvessa
 11288 | D:7      | Reached skill level 8 in Shields
 11351 | D:7      | Noticed Joseph
 11947 | D:7      | Killed Joseph
 11948 | D:7      | Reached skill level 9 in Shields
 12087 | D:7      | Found a shimmering blue altar of Sif Muna.
 12134 | D:8      | Noticed Maggie
 12571 | D:5      | Killed Pikel
 12572 | D:5      | Reached skill level 10 in Shields
 12572 | D:5      | Reached skill level 11 in Shields
 12572 | D:5      | Reached XP level 10. HP: 68/68 MP: 7/17
 12760 | D:7      | Killed Dowan
 13178 | D:8      | Noticed a two-headed ogre
 13196 | D:8      | Found a hazy altar of Hepliaklqana.
 13277 | D:8      | Reached skill level 12 in Shields
 13651 | D:8      | Found a staircase to the Lair.
 13812 | D:8      | Found a roughly hewn altar of Beogh.
 13812 | D:8      | Found a transporter.
 13919 | D:8      | Reached * piety under Ashenzari
 13970 | D:8      | Noticed Gastronok
 13993 | D:8      | HP: 2/68 [Gastronok/the air (29)]
 13994 | D:8      | Killed from afar by Maggie

Illustrated notes

Levels and vault maps discovered:
D:1:      minmay_arrival_radiant_lines, layout_basic
D:2:      layout_basic, lemuel_coloured_pillars_altar
D:3:      layout_loops_ring, tgw_xom, uniq_grinder
D:4:      layout_loops_ring, lemuel_round_altar, kennysheep_boxes
D:5:      layout_layer_cave, minmay_manual_mares, uniq_ijyb, uniq_pikel
D:6:      layout_layer_cave, grunt_gozag_breadcrumbs, serial_shops,
          nicolae_shop_waterfront, guppyfry_shop_venom
D:7:      black_bear_nest_1, layout_basic, lemuel_blue_sif_altar,
          nicolae_ru_the_path_less_chosen, minmay_temple_entry_stoned_glass,
          uniq_joseph, uniq_duvessa
D:8:      gammafunk_beogh_shrine, layout_layer_cave,
          nicolae_overflow_crystal_walls, gammafunk_temple_overflow_pools,
          david_lair_shrubbed, lemuel_old_faithful, uniq_gastronok, uniq_maggie
Temple:   minmay_temple_forest_path

Skill      XL: |  1  2  3  4  5  6  7  8  9 10 |
---------------+-------------------------------+-----
Stealth        | 3 4 |  4.0
Fighting       | 1 2 3 5 6 |  6.0
Conjurations   | 5 6 |  6.0
Spellcasting   | 3 5 |  5.0
Hexes          | 1 5 6 |  6.0
Shields        | 1 11 12 | 12.5
Dodging        | |  2.0

Action                   |  1- 3 |  4- 6 |  7- 9 | 10-12 || total
-------------------------+-------+-------+-------+-------++-------
Melee: Unarmed           |     4 |       |       |       ||     4
       Tentacles         |     3 |     2 |     6 |       ||    11
       Constrict         |     3 |     2 |     4 |       ||     9
       Dagger            |    11 |     7 |    21 |       ||    39
       Staff             |       |       |     6 |     1 ||     7
Throw: Stone             |       |     5 |       |       ||     5
 Cast: Magic Dart        |    65 |    79 |    87 |    27 ||   258
       Searing Ray       |       |     5 |    14 |     2 ||    21
       Fulminant Prism   |       |     2 |    62 |    11 ||    75
Invok: Curse Item        |       |       |     6 |       ||     6
  Use: Scroll            |       |       |    10 |       ||    10
       Potion            |       |       |       |     1 ||     1
Armor: Skin              |     1 |     2 |     8 |       ||    11
Dodge: Dodged            |    14 |     8 |    51 |     3 ||    76
Block: Tower shield      |       |       |     6 |     6 ||    12
